Nordiques vs Maple Leafs (R1)

Created - October 22, 2018 at 19:26

Goals
1 2 3 T
Nordiques 2 1 2 5
Maple Leafs 1 1 5 7
Shots
1 2 3 T
Nordiques 18 10 7 35
Maple Leafs 16 8 10 34

1st period

1. Maple Leafs , Jordan Staal 4 (Claude Giroux 7, Braydon Coburn 2) at 4:14
2. Nordiques , Vladimir Tarasenko 4 (Simon Gagné 5, Marc Savard 6) at 5:27
3. Nordiques , Vladimir Tarasenko 5 (Ryan Ellis 5) at 14:00

Penalties :
Paul Gaustad (Que) for Holding (Minor) at 19:29

2nd period

4. Maple Leafs , Claude Giroux 3 (Tobias Enstrom 5, John Klingberg 1) at 0:17 (PP)
5. Nordiques , Simon Gagné 2 (T.J. Fast 1, Vladimir Tarasenko 1) at 10:13

Penalties :
Artemi Panarin (Tor) for Hooking (Minor) at 0:39, T.J. Fast (Que) for Tripping (Minor) at 4:31, Marc-Édouard Vlasic (Tor) for Roughing (Minor) at 18:16

3rd period

6. Nordiques , Matt Moulson 3 (Chris Drury 2) at 0:49
7. Maple Leafs , Fabian Brunnstrom 2 (Ben Smith 1, Braydon Coburn 3) at 3:05
8. Nordiques , Simon Gagné 3 (Vladimir Tarasenko 2, Marc Savard 7) at 3:36 (PP)
9. Maple Leafs , Mark Scheifele 2 (Alex Killorn 2, Blake Comeau 1) at 9:07
10. Maple Leafs , Mark Scheifele 3 (Alex Killorn 3, Braydon Coburn 4) at 15:01
11. Maple Leafs , Blake Comeau 1 (Mark Scheifele 1, Ryan Parent 1) at 17:37
12. Maple Leafs , Artemi Panarin 3 (Tobias Enstrom 6, Braydon Coburn 5) at 19:44 (PP) (Empty Net)

Penalties :
Artemi Panarin (Tor) for Holding (Minor) at 0:52, Ben Smith (Tor) for Hooking (Minor) at 3:32, Ben Smith (Tor) for Holding (Minor) at 12:03, Artemi Panarin (Tor) for Roughing (Minor) at 17:43, Simon Gagné (Que) for Slashing (Minor) at 17:49

Goalie Stats

Jonathan Quick (Que), 27 saves from 33 shots - (0.818), L, 3-2-0, 59:32 minutes
Thomas McCollum (Tor), 30 saves from 35 shots - (0.857), W, 1-0-0, 60:00 minutes

Players Stats for Nordiques

Player Name              G  A  P  +/- PIM S  H  SB GA TA FO     MP     PP MP  PK MP  
------------------------------------------------------------------------------------
Chris Drury              0  1  1  -1  0   0  0  0  0  1  7/10   12:48   0:00   0:36 
David Legwand            0  0  0   0  0   2  1  0  0  0  4/11   16:48   3:35   0:36 
Dustin Byfuglien         0  0  0  -2  0   1  5  2  0  0  0/0    12:48   0:00   0:51 
Fedor Tyutin             0  0  0   1  0   1  3  5  0  1  0/0    28:09   4:39   1:56 
Jean-Pierre Dumont       0  0  0   0  0   2  1  0  0  0  1/1    16:03   3:35   0:00 
Kyle Calder              0  0  0  -3  0   1  0  0  0  1  0/0     7:57   0:01   0:23 
Marc Savard              0  2  2   3  0   0  2  2  0  0  26/43  23:19   4:30   1:45 
Mark Eaton               0  0  0   0  0   0  1  0  0  2  0/0    19:54   3:27   0:53 
Martin St. Louis         0  0  0  -2  0   4  0  0  0  0  0/0    12:19   0:01   0:02 
Matt Irwin               0  0  0  -2  0   0  0  2  0  0  0/0    11:57   0:00   0:00 
Matt Moulson             1  0  1  -1  0   3  0  0  0  0  0/0    11:30   0:00   0:00 
Michael Ryder            0  0  0  -3  0   3  2  0  0  0  0/0     7:08   0:01   0:00 
Paul Gaustad             0  0  0  -2  2   3  1  0  0  0  1/3     7:22   0:00   0:30 
R.J. Umberger            0  0  0   0  0   0  0  0  0  0  0/0    16:03   3:35   0:00 
Ryan Ellis               0  1  1   1  0   2  1  1  1  1  0/0    28:09   4:39   1:56 
Simon Gagné              2  1  3   3  2   6  1  0  2  0  1/1    20:27   4:29   0:00 
T.J. Fast                0  1  1   0  2   3  0  1  1  0  0/0    19:11   3:27   0:02 
Vladimir Tarasenko       2  2  4   3  0   4  0  0  0  0  2/5    23:23   4:30   1:46 

Players Stats for Maple Leafs

Player Name              G  A  P  +/- PIM S  H  SB GA TA FO     MP     PP MP  PK MP  
------------------------------------------------------------------------------------
Alex Killorn             0  2  2   2  0   5  2  0  2  0  1/1    12:24   0:02   0:00 
Artemi Panarin           1  0  1   0  6   1  2  0  0  0  0/1    17:50   1:41   1:32 
Ben Smith                0  1  1  -1  4   2  3  0  1  1  0/0    14:00   1:08   0:00 
Blake Comeau             1  1  2   2  0   2  1  2  1  0  0/1    14:02   0:00   1:59 
Braydon Coburn           0  4  4   1  0   0  0  0  0  1  0/0    27:11   0:48   4:53 
Claude Giroux            1  1  2   0  0   4  2  0  0  0  5/10   22:12   1:39   4:32 
Eric Nystrom             0  0  0   0  0   0  1  0  0  0  0/0     9:00   0:00   1:02 
Fabian Brunnstrom        1  0  1  -1  0   1  1  0  1  1  0/1    14:01   1:08   0:00 
Gilbert Brule            0  0  0  -1  0   3  2  0  0  0  5/15   16:37   1:10   2:01 
Jeremy Morin             0  0  0   0  0   1  0  0  0  0  0/1     7:27   0:00   0:00 
John Klingberg           0  1  1  -2  0   2  2  0  0  0  0/0    17:17   2:01   0:00 
Jordan Staal             1  0  1   0  0   4  1  1  0  0  15/32  22:09   1:39   4:31 
Marc-Édouard Vlasic      0  0  0  -2  2   3  1  2  0  0  0/0    16:36   0:46   0:00 
Mark Scheifele           2  1  3   2  0   3  0  1  0  1  4/9    12:39   0:00   0:35 
Ryan Parent              0  1  1   2  0   0  0  0  0  0  0/0    15:32   0:00   3:13 
Taylor Chorney           0  0  0   2  0   0  1  1  0  0  0/0    17:39   0:00   4:53 
Tobias Enstrom           0  2  2   1  0   2  1  0  1  0  0/0    25:52   2:03   3:13 
Zac Dalpe                0  0  0   0  0   1  0  0  0  0  2/3     7:27   0:00   0:00 

3 Stars

1 - Vladimir Tarasenko (Que)
2 - Mark Scheifele (Tor)
3 - Simon Gagné (Que)

Power Play

Nordiques - 1 on 6 Attempt(s) - 16.67%
Maple Leafs - 2 on 3 Attempt(s) - 66.67%

Penalty Kill

Nordiques - 1 on 3 Attempt(s) - 33.33% - Score 0 goal in Penalty Kill
Maple Leafs - 5 on 6 Attempt(s) - 83.33% - Score 0 goal in Penalty Kill

Team Stat

Nordiques - Hits : 18 - Faceoff Wins : 42 - Blocked Shots : 13 - Penalty Minutes : 6
Maple Leafs - Hits : 20 - Faceoff Wins : 32 - Blocked Shots : 7 - Penalty Minutes : 12

Official

Referees : Unknown
Linesman : Unknown

Game Notes

Artemi Panarin has scored in a empty net!

Finance

Level 1 -- Attendance: 5643 (94.05%) -- Ticket Income $507,870
Level 2 -- Attendance: 4679 (93.58%) -- Ticket Income $257,345
Level 3 -- Attendance: 1979 (98.95%) -- Ticket Income $71,244
Level 4 -- Attendance: 3792 (94.80%) -- Ticket Income $94,800
Luxury Box -- Attendance: 1000 (100.00%) -- Ticket Income $155,000
Game was played at the Maple Leafs Garden.
Total Attendance: 17093 (94.96%)
Total Ticket Income: $1,086,259
Other Income: $162,939
Total Income: $1,249,198

Nordiques

5 vs 5 Forward 
   Center                   Left Wing                Right Wing               Time % Phy DF OF 
 1 Marc Savard              Simon Gagné              Vladimir Tarasenko       40     0   1  4  
 2 David Legwand            R.J. Umberger            Jean-Pierre Dumont       30     1   1  3  
 3 Chris Drury              Matt Moulson             Martin St. Louis         20     1   2  2  
 4 Paul Gaustad             Kyle Calder              Michael Ryder            10     2   2  1  

5 vs 5 Defense 
   Defense                  Defense                                           Time % Phy DF OF 
 1 Fedor Tyutin             Ryan Ellis                                        40     1   3  1  
 2 Mark Eaton               T.J. Fast                                         30     1   3  1  
 3 Dustin Byfuglien         Matt Irwin                                        20     1   3  1  
 4 Fedor Tyutin             Ryan Ellis                                        10     1   3  1  

PowerPlay Forward 
   Center                   Left Wing                Right Wing               Time % Phy DF OF 
 1 Marc Savard              Simon Gagné              Vladimir Tarasenko       60     0   0  5  
 2 David Legwand            R.J. Umberger            Jean-Pierre Dumont       40     0   0  5  

PowerPlay Defense
   Defense                  Defense                                           Time % Phy DF OF 
 1 Fedor Tyutin             Ryan Ellis                                        60     0   2  3  
 2 Mark Eaton               T.J. Fast                                         40     0   2  3  

Penalty Kill 4 Players Forward 
   Center                   Wing                     Time % Phy DF OF 
 1 Marc Savard              Vladimir Tarasenko       60     1   4  0  
 2 David Legwand            Chris Drury              40     1   4  0  

Penalty Kill 4 Players Defense
   Defense                  Defense                  Time % Phy DF OF 
 1 Fedor Tyutin             Ryan Ellis               60     1   4  0  
 2 Mark Eaton               T.J. Fast                40     1   4  0  

Penalty Kill - 3 Players Forward 
   Forward                                           Time % Phy DF OF 
 1 Marc Savard                                       60     0   5  0  
 2 Vladimir Tarasenko                                40     0   5  0  

Penalty Kill - 3 Players Defense
   Defense                  Defense                  Time % Phy DF OF 
 1 Fedor Tyutin             Ryan Ellis               60     1   4  0  
 2 Mark Eaton               T.J. Fast                40     1   4  0  

4 vs 4 Forward 
   Center                   Wing                     Time % Phy DF OF 
 1 Marc Savard              Vladimir Tarasenko       60     0   1  4  
 2 David Legwand            Chris Drury              40     0   1  4  

4 vs 4 Defense
   Defense                  Defense                  Time % Phy DF OF 
 1 Fedor Tyutin             Ryan Ellis               60     1   4  0  
 2 Mark Eaton               T.J. Fast                40     1   4  0  

Last Minutes Offensive
   Center                   Left Wing                Right Wing               Defense                  Defense                  
   Marc Savard              Simon Gagné              Vladimir Tarasenko       Fedor Tyutin             Ryan Ellis               

Last Minutes Defensive
   Center                   Left Wing                Right Wing               Defense                  Defense                  
   Marc Savard              Simon Gagné              Vladimir Tarasenko       Fedor Tyutin             Ryan Ellis               

Goaltenders
Starting : Jonathan Quick           
Backup : Philipp Grubauer         

Extra Forwards
Normal : Vladimir Tarasenko, Martin St. Louis, Chris Drury - PP : Vladimir Tarasenko, Martin St. Louis - PK : Paul Gaustad
Extra Defensemen
Normal : Ryan Ellis, Fedor Tyutin, Dustin Byfuglien - PP : Ryan Ellis - PK : Mark Eaton, Fedor Tyutin
Penalty Shots
Marc Savard, Vladimir Tarasenko, David Legwand, Chris Drury, Simon Gagné

Scratches
Mike Fisher (Healthy), Nikolai Kulemin (Healthy), Julien Ellis (Healthy)

Maple Leafs

5 vs 5 Forward 
   Center                   Left Wing                Right Wing               Time % Phy DF OF 
 1 Jordan Staal             Artemi Panarin           Claude Giroux            40     1   2  2  
 2 Gilbert Brule            Fabian Brunnstrom        Ben Smith                30     1   2  2  
 3 Mark Scheifele           Alex Killorn             Blake Comeau             20     1   2  2  
 4 Zac Dalpe                Eric Nystrom             Jeremy Morin             10     1   2  2  

5 vs 5 Defense 
   Defense                  Defense                                           Time % Phy DF OF 
 1 Tobias Enstrom           Braydon Coburn                                    40     1   2  2  
 2 John Klingberg           Marc-Édouard Vlasic                               30     1   2  2  
 3 Taylor Chorney           Ryan Parent                                       20     1   2  2  
 4 Tobias Enstrom           Braydon Coburn                                    10     1   2  2  

PowerPlay Forward 
   Center                   Left Wing                Right Wing               Time % Phy DF OF 
 1 Jordan Staal             Artemi Panarin           Claude Giroux            60     1   2  2  
 2 Gilbert Brule            Fabian Brunnstrom        Ben Smith                40     1   2  2  

PowerPlay Defense
   Defense                  Defense                                           Time % Phy DF OF 
 1 Tobias Enstrom           John Klingberg                                    60     1   2  2  
 2 Marc-Édouard Vlasic      Braydon Coburn                                    40     1   2  2  

Penalty Kill 4 Players Forward 
   Center                   Wing                     Time % Phy DF OF 
 1 Claude Giroux            Jordan Staal             60     1   2  2  
 2 Gilbert Brule            Artemi Panarin           40     1   2  2  

Penalty Kill 4 Players Defense
   Defense                  Defense                  Time % Phy DF OF 
 1 Taylor Chorney           Braydon Coburn           60     1   2  2  
 2 Tobias Enstrom           Ryan Parent              40     1   2  2  

Penalty Kill - 3 Players Forward 
   Forward                                           Time % Phy DF OF 
 1 Claude Giroux                                     60     1   2  2  
 2 Jordan Staal                                      40     1   2  2  

Penalty Kill - 3 Players Defense
   Defense                  Defense                  Time % Phy DF OF 
 1 Taylor Chorney           Braydon Coburn           60     1   2  2  
 2 Tobias Enstrom           Ryan Parent              40     1   2  2  

4 vs 4 Forward 
   Center                   Wing                     Time % Phy DF OF 
 1 Claude Giroux            Jordan Staal             60     1   2  2  
 2 Gilbert Brule            Artemi Panarin           40     1   2  2  

4 vs 4 Defense
   Defense                  Defense                  Time % Phy DF OF 
 1 Tobias Enstrom           Braydon Coburn           60     1   2  2  
 2 Taylor Chorney           Ryan Parent              40     1   2  2  

Last Minutes Offensive
   Center                   Left Wing                Right Wing               Defense                  Defense                  
   Jordan Staal             Artemi Panarin           Claude Giroux            Tobias Enstrom           John Klingberg           

Last Minutes Defensive
   Center                   Left Wing                Right Wing               Defense                  Defense                  
   Jordan Staal             Artemi Panarin           Claude Giroux            Taylor Chorney           Braydon Coburn           

Goaltenders
Starting : Thomas McCollum          
Backup : Marc-André Fleury        

Extra Forwards
Normal : Eric Nystrom, Alex Killorn, Blake Comeau - PP : Eric Nystrom, Alex Killorn - PK : Blake Comeau
Extra Defensemen
Normal : Marc-Édouard Vlasic, John Klingberg, Taylor Chorney - PP : Marc-Édouard Vlasic - PK : John Klingberg, Taylor Chorney
Penalty Shots
Claude Giroux, Jordan Staal, Gilbert Brule, Artemi Panarin, Fabian Brunnstrom

Scratches
None


% Time on Ice - Nordiques

Lines # - Real PCT - Wanted PCT - Time Play
Normal Forward
1 - 34% - 40% - 16:12
2 - 27% - 30% - 12:37
3 - 24% - 20% - 11:30
4 - 15% - 10% - 6:53
Normal Defense
1 - 39% - 40% - 18:28
2 - 31% - 30% - 14:50
3 - 25% - 20% - 11:57
4 - 4% - 10% - 1:57
PP Forward
1 - 56% - 60% - 4:31
2 - 44% - 40% - 3:35
PP Defense
1 - 57% - 60% - 4:39
2 - 43% - 40% - 3:27
PK Forward
1 - 79% - 60% - 2:13
2 - 21% - 40% - 0:36
PK Defense
1 - 62% - 60% - 1:45
2 - 38% - 40% - 1:04
PK3 Forward
1 - 0% - 60%
2 - 0% - 40%
PK3 Defense
1 - 0% - 60%
2 - 0% - 40%
44 Forward
1 - 100% - 60% - 1:53
2 - 0% - 40% - 0:00
44 Defense
1 - 53% - 60% - 1:00
2 - 47% - 40% - 0:53
Last Minute Offensive  - 0:00
Last Minute Defensive  - 0:00
Total
Forward - 60:00
Defense - 60:00

% Time on Ice - Maple Leafs

Lines # - Real PCT - Wanted PCT - Time Play
Normal Forward
1 - 31% - 40% - 14:49
2 - 27% - 30% - 12:53
3 - 26% - 20% - 12:03
4 - 16% - 10% - 7:27
Normal Defense
1 - 38% - 40% - 18:06
2 - 34% - 30% - 16:05
3 - 23% - 20% - 10:58
4 - 4% - 10% - 2:03
PP Forward
1 - 59% - 60% - 1:39
2 - 41% - 40% - 1:10
PP Defense
1 - 73% - 60% - 2:03
2 - 27% - 40% - 0:46
PK Forward
1 - 75% - 60% - 6:05
2 - 25% - 40% - 2:01
PK Defense
1 - 60% - 60% - 4:53
2 - 40% - 40% - 3:13
PK3 Forward
1 - 0% - 60%
2 - 0% - 40%
PK3 Defense
1 - 0% - 60%
2 - 0% - 40%
44 Forward
1 - 71% - 60% - 1:20
2 - 29% - 40% - 0:33
44 Defense
1 - 48% - 60% - 0:54
2 - 52% - 40% - 0:59
Last Minute Offensive  - 0:00
Last Minute Defensive  - 0:00
Total
Forward - 60:00
Defense - 60:00

Play by Play

1st period


0:01 of 1st period - Simon Gagné wins face-off versus Jordan Staal in neutral zone.
0:37 of 1st period - Slapshot by Marc-Édouard Vlasic.
0:37 of 1st period - Deflect By Gilbert Brule.
0:37 of 1st period - Shot Blocked by Fedor Tyutin.
0:37 of 1st period - Puck is out of play.
0:38 of 1st period - Mark Scheifele wins face-off versus Chris Drury in Nordiques zone.
1:03 of 1st period - Ryan Parent is hit by Paul Gaustad and loses puck.
1:48 of 1st period - Braydon Coburn is hit by Dustin Byfuglien and loses puck.
1:55 of 1st period - Wrist shot by David Legwand.
1:55 of 1st period - Shot Misses the Net.
2:15 of 1st period - Slapshot by Martin St. Louis.
2:15 of 1st period - Stopped by Thomas McCollum without a rebound.
2:16 of 1st period - Jordan Staal wins face-off versus Chris Drury in Maple Leafs zone.
2:41 of 1st period - Icing by Taylor Chorney.
2:42 of 1st period - Marc Savard wins face-off versus Mark Scheifele in Maple Leafs zone.
3:23 of 1st period - Artemi Panarin is hit by Jean-Pierre Dumont.
3:54 of 1st period - Slapshot by Jordan Staal.
3:54 of 1st period - Shot Blocked by Matt Irwin.
3:58 of 1st period - Snap shot by Claude Giroux.
3:58 of 1st period - Shot Blocked by Dustin Byfuglien.
4:08 of 1st period - Wrist shot by Claude Giroux.
4:08 of 1st period - Shot Misses the Net.
4:10 of 1st period - Slapshot by Claude Giroux.
4:10 of 1st period - Stopped by Jonathan Quick with a rebound.
4:12 of 1st period - Slapshot by Braydon Coburn.
4:12 of 1st period - Deflect By Claude Giroux.
4:12 of 1st period - Stopped by Jonathan Quick with a rebound.
4:14 of 1st period - Snap shot by Jordan Staal.
4:14 of 1st period - Goal by Jordan Staal - Nordiques : 0 - Maple Leafs : 1.
4:15 of 1st period - Marc Savard wins face-off versus Gilbert Brule in neutral zone.
5:09 of 1st period - Slapshot by Zac Dalpe.
5:09 of 1st period - Shot Misses the Net.
5:11 of 1st period - Slapshot by Marc-Édouard Vlasic.
5:11 of 1st period - Stopped by Jonathan Quick without a rebound.
5:12 of 1st period - Marc Savard wins face-off versus Gilbert Brule in Nordiques zone.
5:27 of 1st period - Slapshot by Vladimir Tarasenko.
5:27 of 1st period - Goal by Vladimir Tarasenko - Nordiques : 1 - Maple Leafs : 1.
5:28 of 1st period - Marc Savard wins face-off versus Gilbert Brule in neutral zone.
5:35 of 1st period - Wrist shot by Simon Gagné.
5:35 of 1st period - Shot Misses the Net.
6:16 of 1st period - Snap shot by Jeremy Morin.
6:16 of 1st period - Shot Blocked by Ryan Ellis.
6:18 of 1st period - Snap shot by Marc-Édouard Vlasic.
6:18 of 1st period - Stopped by Jonathan Quick without a rebound.
6:19 of 1st period - Zac Dalpe wins face-off versus Marc Savard in Nordiques zone.
7:15 of 1st period - Marc-Édouard Vlasic is hit by Dustin Byfuglien and loses puck.
7:58 of 1st period - Snap shot by Simon Gagné.
7:58 of 1st period - Shot Misses the Net.
8:18 of 1st period - Wrist shot by Gilbert Brule.
8:18 of 1st period - Deflect By Fabian Brunnstrom.
8:18 of 1st period - Shot Misses the Net.
8:18 of 1st period - Puck is out of play.
8:19 of 1st period - Gilbert Brule wins face-off versus David Legwand in Nordiques zone.
8:27 of 1st period - Wrist shot by Gilbert Brule.
8:27 of 1st period - Stopped by Jonathan Quick without a rebound.
8:28 of 1st period - Jordan Staal wins face-off versus David Legwand in Nordiques zone.
8:35 of 1st period - Wrist shot by Claude Giroux.
8:35 of 1st period - Deflect By Jordan Staal.
8:35 of 1st period - Stopped by Jonathan Quick with a rebound.
8:45 of 1st period - Wrist shot by Jordan Staal.
8:45 of 1st period - Stopped by Jonathan Quick without a rebound.
8:46 of 1st period - Alex Killorn wins face-off versus Marc Savard in Nordiques zone.
8:47 of 1st period - Snap shot by Mark Scheifele.
8:47 of 1st period - Stopped by Jonathan Quick without a rebound.
8:48 of 1st period - Marc Savard wins face-off versus Blake Comeau in Nordiques zone.
9:22 of 1st period - Icing by Tobias Enstrom.
9:23 of 1st period - David Legwand wins face-off versus Jordan Staal in Maple Leafs zone.
9:28 of 1st period - Wrist shot by Jean-Pierre Dumont.
9:28 of 1st period - Stopped by Thomas McCollum without a rebound.
9:29 of 1st period - David Legwand wins face-off versus Fabian Brunnstrom in Maple Leafs zone.
9:38 of 1st period - Snap shot by Jean-Pierre Dumont.
9:38 of 1st period - Stopped by Thomas McCollum without a rebound.
9:39 of 1st period - Gilbert Brule wins face-off versus Vladimir Tarasenko in Maple Leafs zone.
9:54 of 1st period - Snap shot by Simon Gagné.
9:54 of 1st period - Stopped by Thomas McCollum without a rebound.
9:55 of 1st period - Chris Drury wins face-off versus Jordan Staal in Maple Leafs zone.
10:31 of 1st period - Snap shot by Alex Killorn.
10:31 of 1st period - Stopped by Jonathan Quick with a rebound.
10:40 of 1st period - Icing by Vladimir Tarasenko.
10:41 of 1st period - David Legwand wins face-off versus Gilbert Brule in Nordiques zone.
10:47 of 1st period - Ryan Ellis is hit by Ben Smith and loses puck.
11:37 of 1st period - Wrist shot by Martin St. Louis.
11:37 of 1st period - Stopped by Thomas McCollum with a rebound.
11:39 of 1st period - Slapshot by T.J. Fast.
11:39 of 1st period - Stopped by Thomas McCollum without a rebound.
11:40 of 1st period - Jordan Staal wins face-off versus David Legwand in Maple Leafs zone.
11:47 of 1st period - Slapshot by Tobias Enstrom.
11:47 of 1st period - Shot Blocked by Fedor Tyutin.
11:53 of 1st period - Slapshot by David Legwand.
11:53 of 1st period - Shot Misses the Net.
11:55 of 1st period - Backhand shot by Ryan Ellis.
11:55 of 1st period - Stopped by Thomas McCollum without a rebound.
11:56 of 1st period - Marc Savard wins face-off versus Gilbert Brule in Maple Leafs zone.
12:05 of 1st period - Slapshot by Simon Gagné.
12:05 of 1st period - Stopped by Thomas McCollum without a rebound.
12:06 of 1st period - Gilbert Brule wins face-off versus Marc Savard in Maple Leafs zone.
12:22 of 1st period - Snap shot by Simon Gagné.
12:22 of 1st period - Stopped by Thomas McCollum without a rebound.
12:23 of 1st period - Jordan Staal wins face-off versus David Legwand in Maple Leafs zone.
13:13 of 1st period - Slapshot by Michael Ryder.
13:13 of 1st period - Shot Misses the Net.
13:15 of 1st period - Wrist shot by Kyle Calder.
13:15 of 1st period - Stopped by Thomas McCollum with a rebound.
13:17 of 1st period - Slapshot by Matt Irwin.
13:17 of 1st period - Shot Misses the Net.
13:19 of 1st period - Slapshot by Dustin Byfuglien.
13:19 of 1st period - Stopped by Thomas McCollum with a rebound.
13:21 of 1st period - Slapshot by Dustin Byfuglien.
13:21 of 1st period - Deflect By Paul Gaustad.
13:21 of 1st period - Stopped by Thomas McCollum without a rebound.
13:22 of 1st period - Jordan Staal wins face-off versus Marc Savard in Maple Leafs zone.
13:37 of 1st period - Snap shot by Jordan Staal.
13:37 of 1st period - Deflect By Artemi Panarin.
13:37 of 1st period - Shot Misses the Net.
13:37 of 1st period - Puck is out of play.
13:38 of 1st period - Chris Drury wins face-off versus Gilbert Brule in Nordiques zone.
13:49 of 1st period - Snap shot by Fabian Brunnstrom.
13:49 of 1st period - Deflect By Gilbert Brule.
13:49 of 1st period - Shot Blocked by T.J. Fast.
13:49 of 1st period - Puck is out of play.
13:50 of 1st period - Vladimir Tarasenko wins face-off versus Jordan Staal in Nordiques zone.
13:50 of 1st period - Vladimir Tarasenko is hit by Artemi Panarin.
14:00 of 1st period - Snap shot by Vladimir Tarasenko.
14:00 of 1st period - Goal by Vladimir Tarasenko - Nordiques : 2 - Maple Leafs : 1.
14:01 of 1st period - Marc Savard wins face-off versus Jordan Staal in neutral zone.
14:32 of 1st period - Slapshot by T.J. Fast.
14:32 of 1st period - Stopped by Thomas McCollum without a rebound.
14:33 of 1st period - Mark Scheifele wins face-off versus David Legwand in Maple Leafs zone.
14:40 of 1st period - Slapshot by Marc-Édouard Vlasic.
14:40 of 1st period - Stopped by Jonathan Quick with a rebound.
15:00 of 1st period - Fedor Tyutin is hit by Artemi Panarin and loses puck.
15:07 of 1st period - Snap shot by Jordan Staal.
15:07 of 1st period - Stopped by Jonathan Quick without a rebound.
15:08 of 1st period - Vladimir Tarasenko wins face-off versus Gilbert Brule in Nordiques zone.
16:04 of 1st period - Snap shot by R.J. Umberger.
16:04 of 1st period - Deflect By Martin St. Louis.
16:04 of 1st period - Stopped by Thomas McCollum with a rebound.
16:50 of 1st period - Slapshot by Gilbert Brule.
16:50 of 1st period - Shot Blocked by Fedor Tyutin.
16:52 of 1st period - Slapshot by Tobias Enstrom.
16:52 of 1st period - Stopped by Jonathan Quick without a rebound.
16:53 of 1st period - Jordan Staal wins face-off versus David Legwand in Nordiques zone.
17:39 of 1st period - Icing by Fabian Brunnstrom.
17:40 of 1st period - Chris Drury wins face-off versus Jeremy Morin in Maple Leafs zone.
18:17 of 1st period - Wrist shot by Martin St. Louis.
18:17 of 1st period - Stopped by Thomas McCollum without a rebound.
18:18 of 1st period - Marc Savard wins face-off versus Jordan Staal in Maple Leafs zone.
18:56 of 1st period - Wrist shot by David Legwand.
18:56 of 1st period - Stopped by Thomas McCollum without a rebound.
18:57 of 1st period - Paul Gaustad wins face-off versus Mark Scheifele in Maple Leafs zone.
19:06 of 1st period - Wrist shot by Kyle Calder.
19:06 of 1st period - Deflect By Michael Ryder.
19:06 of 1st period - Shot Misses the Net.
19:06 of 1st period - Puck is out of play.
19:07 of 1st period - Mark Scheifele wins face-off versus Paul Gaustad in Maple Leafs zone.
19:07 of 1st period - Mark Scheifele is hit by Michael Ryder.
19:12 of 1st period - Blake Comeau is hit by Dustin Byfuglien.
19:14 of 1st period - Snap shot by Alex Killorn.
19:14 of 1st period - Shot Blocked by Dustin Byfuglien.
19:18 of 1st period - Snap shot by Blake Comeau.
19:18 of 1st period - Stopped by Jonathan Quick with a rebound.
19:20 of 1st period - Slapshot by Ryan Parent.
19:20 of 1st period - Shot Misses the Net.
19:22 of 1st period - Slapshot by Mark Scheifele.
19:22 of 1st period - Shot Blocked by Matt Irwin.
19:24 of 1st period - Slapshot by Taylor Chorney.
19:24 of 1st period - Deflect By Alex Killorn.
19:24 of 1st period - Stopped by Jonathan Quick with a rebound.
19:29 of 1st period - Minor Penalty to Paul Gaustad for Holding.
19:30 of 1st period - Marc Savard wins face-off versus Jordan Staal in Nordiques zone.
19:38 of 1st period - Snap shot by Claude Giroux.
19:38 of 1st period - Stopped by Jonathan Quick with a rebound.
Goals for this period are 2 for Nordiques vs 1 for Maple Leafs.
Shots for this period are 18 for Nordiques vs 16 for Maple Leafs.

2nd period


0:01 of 2nd period - Jordan Staal wins face-off versus Marc Savard in neutral zone.
0:17 of 2nd period - Snap shot by Claude Giroux.
0:17 of 2nd period - Goal by Claude Giroux - Nordiques : 2 - Maple Leafs : 2.
0:18 of 2nd period - Marc Savard wins face-off versus Jordan Staal in neutral zone.
0:18 of 2nd period - Simon Gagné is hit by Claude Giroux and loses puck.
0:25 of 2nd period - Slapshot by Vladimir Tarasenko.
0:25 of 2nd period - Shot Misses the Net.
0:27 of 2nd period - Slapshot by Ryan Ellis.
0:27 of 2nd period - Deflect By Claude Giroux.
0:27 of 2nd period - Stopped by Thomas McCollum with a rebound.
0:39 of 2nd period - Minor Penalty to Artemi Panarin for Hooking.
0:40 of 2nd period - Claude Giroux wins face-off versus Marc Savard in Maple Leafs zone.
0:40 of 2nd period - Claude Giroux is hit by Fedor Tyutin.
2:23 of 2nd period - R.J. Umberger is hit by Eric Nystrom.
2:39 of 2nd period - Penalty to Artemi Panarin is over, Artemi Panarin is back on ice.
3:09 of 2nd period - Snap shot by Alex Killorn.
3:09 of 2nd period - Stopped by Jonathan Quick without a rebound.
3:10 of 2nd period - Mark Scheifele wins face-off versus Paul Gaustad in Nordiques zone.
3:17 of 2nd period - Kyle Calder is hit by Blake Comeau and loses puck.
3:33 of 2nd period - Mark Scheifele is hit by Fedor Tyutin and loses puck.
3:40 of 2nd period - Fedor Tyutin is hit by Alex Killorn and loses puck.
4:04 of 2nd period - Braydon Coburn is hit by Dustin Byfuglien and loses puck.
4:11 of 2nd period - Slapshot by Michael Ryder.
4:11 of 2nd period - Stopped by Thomas McCollum without a rebound.
4:12 of 2nd period - Jordan Staal wins face-off versus Vladimir Tarasenko in Maple Leafs zone.
4:12 of 2nd period - Jordan Staal is hit by Mark Eaton.
4:31 of 2nd period - Minor Penalty to T.J. Fast for Tripping.
4:32 of 2nd period - Marc Savard wins face-off versus Jordan Staal in Nordiques zone.
4:47 of 2nd period - Slapshot by Tobias Enstrom.
4:47 of 2nd period - Stopped by Jonathan Quick with a rebound.
4:49 of 2nd period - Slapshot by John Klingberg.
4:49 of 2nd period - Shot Blocked by Fedor Tyutin.
6:30 of 2nd period - Braydon Coburn is hit by David Legwand and loses puck.
6:31 of 2nd period - Penalty to T.J. Fast is over, T.J. Fast is back on ice.
7:14 of 2nd period - Slapshot by Ryan Parent.
7:14 of 2nd period - Shot Misses the Net.
7:23 of 2nd period - Icing by T.J. Fast.
7:24 of 2nd period - Marc Savard wins face-off versus Mark Scheifele in Nordiques zone.
7:35 of 2nd period - Wrist shot by Simon Gagné.
7:35 of 2nd period - Stopped by Thomas McCollum without a rebound.
7:36 of 2nd period - Marc Savard wins face-off versus Claude Giroux in Maple Leafs zone.
7:39 of 2nd period - Snap shot by Simon Gagné.
7:39 of 2nd period - Shot Misses the Net.
8:01 of 2nd period - Jean-Pierre Dumont is hit by Ben Smith and loses puck.
8:12 of 2nd period - Ben Smith is hit by Dustin Byfuglien and loses puck.
9:09 of 2nd period - Snap shot by Paul Gaustad.
9:09 of 2nd period - Deflect By Blake Comeau.
9:09 of 2nd period - Stopped by Thomas McCollum with a rebound.
9:11 of 2nd period - Slapshot by Fedor Tyutin.
9:11 of 2nd period - Stopped by Thomas McCollum with a rebound.
9:13 of 2nd period - Slapshot by Fedor Tyutin.
9:13 of 2nd period - Shot Blocked by Marc-Édouard Vlasic.
9:15 of 2nd period - Wrist shot by Kyle Calder.
9:15 of 2nd period - Shot Blocked by Blake Comeau.
9:17 of 2nd period - Slapshot by Fedor Tyutin.
9:17 of 2nd period - Shot Blocked by Mark Scheifele.
9:19 of 2nd period - Slapshot by Ryan Ellis.
9:19 of 2nd period - Deflect By Paul Gaustad.
9:19 of 2nd period - Stopped by Thomas McCollum with a rebound.
9:57 of 2nd period - Icing by John Klingberg.
9:58 of 2nd period - Gilbert Brule wins face-off versus Marc Savard in Maple Leafs zone.
10:04 of 2nd period - T.J. Fast is hit by John Klingberg and loses puck.
10:09 of 2nd period - Snap shot by Vladimir Tarasenko.
10:09 of 2nd period - Shot Misses the Net.
10:11 of 2nd period - Wrist shot by T.J. Fast.
10:11 of 2nd period - Stopped by Thomas McCollum with a rebound.
10:13 of 2nd period - Snap shot by Simon Gagné.
10:13 of 2nd period - Goal by Simon Gagné - Nordiques : 3 - Maple Leafs : 2.
10:14 of 2nd period - Marc Savard wins face-off versus Jordan Staal in neutral zone.
10:41 of 2nd period - Fedor Tyutin is hit by Fabian Brunnstrom and loses puck.
11:12 of 2nd period - Icing by Eric Nystrom.
11:13 of 2nd period - Zac Dalpe wins face-off versus Marc Savard in Maple Leafs zone.
11:13 of 2nd period - Zac Dalpe is hit by Marc Savard.
12:12 of 2nd period - Mark Eaton is hit by Gilbert Brule and loses puck.
13:09 of 2nd period - Slapshot by Vladimir Tarasenko.
13:09 of 2nd period - Stopped by Thomas McCollum without a rebound.
13:10 of 2nd period - David Legwand wins face-off versus Jordan Staal in Maple Leafs zone.
13:17 of 2nd period - Wrist shot by David Legwand.
13:17 of 2nd period - Stopped by Thomas McCollum without a rebound.
13:18 of 2nd period - Jordan Staal wins face-off versus David Legwand in Maple Leafs zone.
13:43 of 2nd period - Slapshot by Gilbert Brule.
13:43 of 2nd period - Shot Misses the Net.
14:29 of 2nd period - Snap shot by Jeremy Morin.
14:29 of 2nd period - Shot Blocked by Marc Savard.
14:31 of 2nd period - Slapshot by Ryan Parent.
14:31 of 2nd period - Shot Hit the Post.
14:33 of 2nd period - Slapshot by Zac Dalpe.
14:33 of 2nd period - Stopped by Jonathan Quick without a rebound.
14:34 of 2nd period - Jean-Pierre Dumont wins face-off versus Jordan Staal in Nordiques zone.
14:45 of 2nd period - Slapshot by Dustin Byfuglien.
14:45 of 2nd period - Shot Blocked by Jordan Staal.
15:32 of 2nd period - Off-side.
15:33 of 2nd period - Marc Savard wins face-off versus Jordan Staal in neutral zone.
16:04 of 2nd period - Slapshot by Marc-Édouard Vlasic.
16:04 of 2nd period - Shot Blocked by Fedor Tyutin.
16:08 of 2nd period - Slapshot by Gilbert Brule.
16:08 of 2nd period - Stopped by Jonathan Quick with a rebound.
16:10 of 2nd period - Snap shot by Ben Smith.
16:10 of 2nd period - Stopped by Jonathan Quick with a rebound.
16:12 of 2nd period - Wrist shot by Gilbert Brule.
16:12 of 2nd period - Stopped by Jonathan Quick without a rebound.
16:13 of 2nd period - Jordan Staal wins face-off versus Marc Savard in Nordiques zone.
16:22 of 2nd period - Slapshot by Ryan Parent.
16:22 of 2nd period - Shot Blocked by Marc Savard.
17:28 of 2nd period - Snap shot by Jeremy Morin.
17:28 of 2nd period - Stopped by Jonathan Quick without a rebound.
17:29 of 2nd period - Marc Savard wins face-off versus Zac Dalpe in Nordiques zone.
18:16 of 2nd period - Minor Penalty to Marc-Édouard Vlasic for Roughing.
18:17 of 2nd period - Marc Savard wins face-off versus Claude Giroux in Maple Leafs zone.
18:44 of 2nd period - Slapshot by David Legwand.
18:44 of 2nd period - Shot Misses the Net.
Goals for this period are 1 for Nordiques vs 1 for Maple Leafs.
Shots for this period are 10 for Nordiques vs 8 for Maple Leafs.

3rd period


0:01 of 3rd period - Claude Giroux wins face-off versus Marc Savard in neutral zone.
0:04 of 3rd period - Marc Savard is hit by Taylor Chorney.
0:16 of 3rd period - Penalty to Marc-Édouard Vlasic is over, Marc-Édouard Vlasic is back on ice.
0:49 of 3rd period - Wrist shot by Matt Moulson.
0:49 of 3rd period - Goal by Matt Moulson - Nordiques : 4 - Maple Leafs : 2.
0:50 of 3rd period - Jordan Staal wins face-off versus Marc Savard in neutral zone.
0:52 of 3rd period - Minor Penalty to Artemi Panarin for Holding.
0:53 of 3rd period - Claude Giroux wins face-off versus Marc Savard in Maple Leafs zone.
1:52 of 3rd period - R.J. Umberger is hit by Gilbert Brule and loses puck.
2:52 of 3rd period - Penalty to Artemi Panarin is over, Artemi Panarin is back on ice.
2:59 of 3rd period - Snap shot by Ben Smith.
2:59 of 3rd period - Shot Misses the Net.
3:03 of 3rd period - Snap shot by Ben Smith.
3:03 of 3rd period - Stopped by Jonathan Quick with a rebound.
3:05 of 3rd period - Snap shot by Fabian Brunnstrom.
3:05 of 3rd period - Goal by Fabian Brunnstrom - Nordiques : 4 - Maple Leafs : 3.
3:06 of 3rd period - Chris Drury wins face-off versus Gilbert Brule in neutral zone.
3:13 of 3rd period - Wrist shot by Matt Moulson.
3:13 of 3rd period - Stopped by Thomas McCollum without a rebound.
3:14 of 3rd period - Gilbert Brule wins face-off versus Chris Drury in Maple Leafs zone.
3:19 of 3rd period - John Klingberg is hit by Ryan Ellis and loses puck.
3:27 of 3rd period - Icing by Gilbert Brule.
3:28 of 3rd period - Marc Savard wins face-off versus Gilbert Brule in Maple Leafs zone.
3:32 of 3rd period - Minor Penalty to Ben Smith for Hooking.
3:33 of 3rd period - Marc Savard wins face-off versus Claude Giroux in Maple Leafs zone.
3:34 of 3rd period - Backhand shot by Vladimir Tarasenko.
3:34 of 3rd period - Shot Misses the Net.
3:36 of 3rd period - Slapshot by Simon Gagné.
3:36 of 3rd period - Goal by Simon Gagné - Nordiques : 5 - Maple Leafs : 3.
3:37 of 3rd period - Jordan Staal wins face-off versus Vladimir Tarasenko in neutral zone.
3:48 of 3rd period - Jordan Staal is hit by Fedor Tyutin and loses puck.
4:11 of 3rd period - Slapshot by Tobias Enstrom.
4:11 of 3rd period - Shot Misses the Net.
4:53 of 3rd period - Snap shot by Michael Ryder.
4:53 of 3rd period - Stopped by Thomas McCollum with a rebound.
4:55 of 3rd period - Snap shot by T.J. Fast.
4:55 of 3rd period - Shot Misses the Net.
4:57 of 3rd period - Slapshot by Michael Ryder.
4:57 of 3rd period - Stopped by Thomas McCollum without a rebound.
4:58 of 3rd period - Jordan Staal wins face-off versus Marc Savard in Maple Leafs zone.
4:58 of 3rd period - Jordan Staal is hit by Simon Gagné.
5:55 of 3rd period - Snap shot by Alex Killorn.
5:55 of 3rd period - Stopped by Jonathan Quick without a rebound.
5:56 of 3rd period - Marc Savard wins face-off versus Jordan Staal in Nordiques zone.
6:28 of 3rd period - Jean-Pierre Dumont is hit by Ben Smith.
6:34 of 3rd period - Snap shot by Ben Smith.
6:34 of 3rd period - Shot Misses the Net.
6:44 of 3rd period - Wrist shot by Martin St. Louis.
6:44 of 3rd period - Shot Blocked by Blake Comeau.
6:46 of 3rd period - Slapshot by Fedor Tyutin.
6:46 of 3rd period - Shot Blocked by Marc-Édouard Vlasic.
7:19 of 3rd period - Off-side.
7:20 of 3rd period - Marc Savard wins face-off versus Jordan Staal in neutral zone.
8:11 of 3rd period - Slapshot by Matt Irwin.
8:11 of 3rd period - Shot Blocked by Taylor Chorney.
8:36 of 3rd period - Alex Killorn is hit by Michael Ryder and loses puck.
9:05 of 3rd period - Slapshot by Alex Killorn.
9:05 of 3rd period - Stopped by Jonathan Quick with a rebound.
9:07 of 3rd period - Snap shot by Mark Scheifele.
9:07 of 3rd period - Goal by Mark Scheifele - Nordiques : 5 - Maple Leafs : 4.
9:08 of 3rd period - Jordan Staal wins face-off versus Marc Savard in neutral zone.
9:46 of 3rd period - Slapshot by John Klingberg.
9:46 of 3rd period - Stopped by Jonathan Quick with a rebound.
10:55 of 3rd period - Fabian Brunnstrom is hit by Marc Savard.
11:41 of 3rd period - Snap shot by R.J. Umberger.
11:41 of 3rd period - Shot Misses the Net.
11:57 of 3rd period - Snap shot by Matt Moulson.
11:57 of 3rd period - Stopped by Thomas McCollum without a rebound.
11:58 of 3rd period - Marc Savard wins face-off versus Gilbert Brule in Maple Leafs zone.
12:01 of 3rd period - Wrist shot by Vladimir Tarasenko.
12:01 of 3rd period - Shot Hit the Post.
12:03 of 3rd period - Minor Penalty to Ben Smith for Holding.
12:04 of 3rd period - Claude Giroux wins face-off versus Marc Savard in Maple Leafs zone.
14:03 of 3rd period - Penalty to Ben Smith is over, Ben Smith is back on ice.
14:15 of 3rd period - Slapshot by John Klingberg.
14:15 of 3rd period - Stopped by Jonathan Quick with a rebound.
14:31 of 3rd period - Dustin Byfuglien is hit by Marc-Édouard Vlasic and loses puck.
14:37 of 3rd period - Matt Irwin is hit by John Klingberg and loses puck.
14:52 of 3rd period - Icing by Martin St. Louis.
14:53 of 3rd period - Chris Drury wins face-off versus Mark Scheifele in Nordiques zone.
14:53 of 3rd period - Chris Drury is hit by Alex Killorn.
15:01 of 3rd period - Snap shot by Mark Scheifele.
15:01 of 3rd period - Goal by Mark Scheifele - Nordiques : 5 - Maple Leafs : 5.
15:02 of 3rd period - Marc Savard wins face-off versus Jordan Staal in neutral zone.
15:11 of 3rd period - Vladimir Tarasenko is hit by Claude Giroux and loses puck.
16:12 of 3rd period - Slapshot by Ryan Ellis.
16:12 of 3rd period - Deflect By Chris Drury.
16:12 of 3rd period - Shot Misses the Net.
16:12 of 3rd period - Puck is out of play.
16:13 of 3rd period - Marc Savard wins face-off versus Jordan Staal in Maple Leafs zone.
16:18 of 3rd period - Wrist shot by Vladimir Tarasenko.
16:18 of 3rd period - Stopped by Thomas McCollum without a rebound.
16:19 of 3rd period - Jordan Staal wins face-off versus Marc Savard in Maple Leafs zone.
17:37 of 3rd period - Slapshot by Blake Comeau.
17:37 of 3rd period - Goal by Blake Comeau - Nordiques : 5 - Maple Leafs : 6.
17:38 of 3rd period - Chris Drury wins face-off versus Artemi Panarin in neutral zone.
17:40 of 3rd period - Ryan Ellis is hit by Jordan Staal and loses puck.
17:43 of 3rd period - Minor Penalty to Artemi Panarin for Roughing.
17:44 of 3rd period - Claude Giroux wins face-off versus Marc Savard in Maple Leafs zone.
17:49 of 3rd period - Minor Penalty to Simon Gagné for Slashing.
17:50 of 3rd period - Marc Savard wins face-off versus Claude Giroux in Nordiques zone.
18:22 of 3rd period - Icing by Tobias Enstrom.
18:23 of 3rd period - Marc Savard wins face-off versus Claude Giroux in Maple Leafs zone.
19:16 of 3rd period - Nordiques, Jonathan Quick is pulled from the net.
19:43 of 3rd period - Penalty to Artemi Panarin is over, Artemi Panarin is back on ice.
19:44 of 3rd period - Wrist shot by Artemi Panarin.
19:44 of 3rd period - Goal by Artemi Panarin - Nordiques : 5 - Maple Leafs : 7.
19:44 of 3rd period - Jonathan Quick from Nordiques was sent back in the game.
19:45 of 3rd period - Chris Drury wins face-off versus Mark Scheifele in neutral zone.
19:45 of 3rd period - Fedor Tyutin is hit by Tobias Enstrom and loses puck.
Goals for this period are 2 for Nordiques vs 5 for Maple Leafs.
Shots for this period are 7 for Nordiques vs 10 for Maple Leafs.